[Event "*** MasterClass Titled Tuesday Blitz"]
[Site "Chess.com"]
[Date "2017.12.05"]
[Round "3"]
[White "FMJoseHerrera"]
[Black "Vojtastr"]
[Result "1-0"]
[WhiteElo "2444"]
[BlackElo "2390"]
[TimeControl "180+2"]
[EndTime "14:50:53 PST"]
[Termination "FMJoseHerrera won by resignation"]

1. Nf3 c5 2. g3 Nc6 3. Bg2 g6 4. O-O Bg7 5. d3 Nf6 6. c3 O-O 7. a3 d6 8. b4 cxb4 9. axb4 Nd5 10. Qb3 Ndxb4 11. cxb4 Bxa1 12. Nc3 Be6 13. Qa3 Bxc3 14.
Qxc3 f6 15. Bh6 Rf7 16. b5 Ne5 17. Nd4 Qc8 18. Qb2 Rb8 19. Rc1 Qd7 20. b6 axb6 21.
Qxb6 Rc8 22. Rxc8+ Qxc8 23. Bxb7 Nd7 24. Bxc8 Nxb6 25. Bxe6 Na4 26. Nb3 Nc3 27. e3 Nb5 28.
d4 Nc7 29. d5 f5 30. f4 Ne8 31. Nd4 Nf6 32. h3 Ne4 33. Kg2 Nc5 34. Kf3 Nd3 35. Nc6 Ne1+ 36. Ke2 Nc2 37. Nxe7+ Kh8 38. Bxf7 Nb4 39. Nxf5 gxf5 40. Bg5 Kg7 41. Be6 Kg6 42. Be7 Na2 43. Bxd6 Nc3+ 44. Kf3 Ne4 45. Be5 Nd2+ 46.
Ke2 Nc4 47. g4 fxg4 48. hxg4 h5 49. gxh5+ Kxh5 50. d6 1-0

[Event "*** MasterClass Titled Tuesday Blitz"]
[Site "Chess.com"]
[Date "2017.12.05"]
[Round "3"]
[White "AlexanderL"]
[Black "tigra"]
[Result "0-1"]
[WhiteElo "2547"]
[BlackElo "2646"]
[TimeControl "180+2"]
[EndTime "14:50:55 PST"]
[Termination "tigra won by checkmate"]

1. Nf3 d5 2. e3 Nf6 3. c4 e6 4. b3 Be7 5. Bb2 O-O 6. Nc3 Re8 7. d4 b6 8. Bd3 Bb7 9. O-O Ne4 10. cxd5 exd5 11.
Rc1 Nxc3 12. Bxc3 Ba3 13. Rb1 a5 14. Qc2 g6 15. Bb2 Bd6 16. Rbc1 Nd7 17. Bb5 c6 18. Bxc6 Rc8 19. Bxb7 Rxc2 20. Rxc2 Nf6 21. Rfc1 Qe7 22. Ba6 Ng4 23. h3 Nf6 24. Bb5 Rf8 25. Ne5 Ne4 26. Bc6 Qe6 27. Nd7 Rd8 28. Nxb6 Nf6 29. Na4 g5 30.
Nc5 Bxc5 31. Rxc5 g4 32. hxg4 Nxg4 33. R1c2 Kh8 34. Kf1 Nf6 35. Bb7 Kg7 36. Bc8 Qe4 37. Kg1 Rg8 38. Bh3 h5 39. Rd2 Kh7 40. Rc1 Ng4 41.
Re1 Nf6 42. Ba3 Qg6 43. f3 Qg3 44. Bf5+ Kh8 45. Rf2 h4 46. Be7 Nh5 47. Kf1 Qh2 48.
g4 Ng3# 0-1

[Event "*** MasterClass Titled Tuesday Blitz"]
[Site "Chess.com"]
[Date "2017.12.05"]
[Round "3"]
[White "ZalupiNputiN"]
[Black "NF31415926"]
[Result "0-1"]
[WhiteElo "2053"]
[BlackElo "2005"]
[TimeControl "180+2"]
[EndTime "14:51:01 PST"]
[Termination "NF31415926 won by resignation"]

1. e4 c5 2. Nf3 Nc6 3. Bb5 d6 4.
Bxc6+ bxc6 5. h3 e5 6. Nc3 g6 7.
d3 Bg7 8. Ne2 Ne7 9. g4 Bd7 10.
Ng3 Rb8 11. Rb1 a5 12. Be3 Qc7 13. Qd2 h6 14. c3 Bc8 15. O-O f5 16. exf5 gxf5 17.
gxf5 Nxf5 18. Nxf5 Bxf5 19. Kh2 d5 20. Nh4 Be6 21.
f4 Bf6 22. Qf2 d4 23. Bd2 Rg8 24. f5 Bxa2 25. Ng6 Bxb1 26. Rxb1 e4+ 27. Bf4 Qb7 28. dxe4 Rd8 29. e5 Bg5 30. e6 Rxg6 31. fxg6 Qg7 32. Bxg5 hxg5 33. Qf7+ Qxf7 34. exf7+ Kf8 35. Rd1 Kg7 36.
cxd4 cxd4 37. Rf1 Rf8 38. Kg3 Kxg6 39. Kg4 Rxf7 40. Rd1 Rd7 41. b3 c5 42. Rd3 Rd5 43.
Kg3 a4 44. bxa4 c4 45. Rd1 d3 46. Kf3 c3 47. Ke3 c2 48. Rg1 d2 0-1

[Event "*** MasterClass Titled Tuesday Blitz"]
[Site "Chess.com"]
[Date "2017.12.05"]
[Round "3"]
[White "Jamaladam12200620"]
[Black "AndrewMcStone"]
[Result "0-1"]
[WhiteElo "1959"]
[BlackElo "2109"]
[TimeControl "180+2"]
[EndTime "14:51:04 PST"]
[Termination "AndrewMcStone won by resignation"]

1. e4 Nc6 2. d4 d5 3. e5 Bf5 4. c3 e6 5. Ne2 Qd7 6. Ng3 Bg6 7. h4 h5 8. Be2 O-O-O 9. Bxh5 Bxh5 10.
Nxh5 g6 11. Nf4 g5 12. Nd3 Rxh4 13. Rxh4 gxh4 14. Bg5 Be7 15. Qg4 Bxg5 16. Qxg5 Qe7 17. Qxe7 Ngxe7 18. Nd2 Rg8 19. Kf1 Nf5 20. Nf3 Na5 21.
b3 b6 22. Nf4 Kd7 23. Nh5 Rh8 24. Nf4 c5 25. Ke2 cxd4 26. cxd4 Nc6 27. Kd3 Rc8 28. a3 Na5 29. Nd2 Ke7 30. b4 Nc4 31. Nxc4 Rxc4 32.
Ne2 f6 33. f4 fxe5 34. fxe5 Kf7 35. Rf1 Kg6 36. Nf4+ Kf7 37. Ne2 Kg7 38. Rf4 Kh6 39. Rg4 Kh5 40. Rg7 Nxg7 41. Nf4+ Kg5 42. Ne2 Kg4 43. Nc3 Nf5 44. Ne2 a6 0-1

[Event "*** MasterClass Titled Tuesday Blitz"]
[Site "Chess.com"]
[Date "2017.12.05"]
[Round "3"]
[White "saraiva_80"]
[Black "MultiWebCreation"]
[Result "0-1"]
[WhiteElo "1335"]
[BlackElo "1341"]
[TimeControl "180+2"]
[EndTime "14:51:05 PST"]
[Termination "MultiWebCreation won by checkmate"]

1. c4 e5 2. g3 Nf6 3. Bg2 d5 4. cxd5 Nxd5 5. e4 Nf6 6. Nf3 Bd6 7. Nc3 O-O 8. O-O c6 9. d4 exd4 10. Nxd4 Bd7 11. Bg5 h6 12. Bd2 Re8 13. Re1 Be5 14. Nb3 Be6 15. Nc5 Bc4 16. Nxb7 Qb6 17. b3 Be6 18. Nd6 Bxd6 19. Be3 Qc7 20. f4 Bb4 21.
Qc2 Qa5 22. Bd2 Rd8 23. Rad1 Bg4 24. Rc1 Na6 25. h3 Be6 26. Kh2 Rd7 27. e5 Nd5 28. Nxd5 Bxd2 29. Qd3 Bxe1 30. Rxe1 Qxe1 31. f5 Bxd5 32.
Qxa6 Bxg2 33. Kxg2 Rd2+ 34. Kf3 Qf2+ 35. Kg4 h5+ 36.
Kxh5 Qxf5+ 37. Kh4 Rd4+ 38. g4 g5+ 39. Kg3 Qf4+ 40.
Kg2 Rd2+ 41. Kg1 Qg3+ 42. Kf1 Rb2 43. Qxc6 Qxh3+ 44. Ke1 Qe3+ 45. Kd1 Qg1# 0-1

[Event "*** MasterClass Titled Tuesday Blitz"]
[Site "Chess.com"]
[Date "2017.12.05"]
[Round "3"]
[White "chidori_boruto"]
[Black "Alexander_Moskalenko"]
[Result "0-1"]
[WhiteElo "2535"]
[BlackElo "2747"]
[TimeControl "180+2"]
[EndTime "14:51:21 PST"]
[Termination "Alexander_Moskalenko won on time"]

1. d4 d5 2. Nf3 c6 3. c4 Nf6 4. cxd5 cxd5 5. Nc3 a6 6. Bf4 Nc6 7. e3 Bg4 8. Be2 e6 9. O-O Bd6 10. Bxd6 Qxd6 11. Rc1 O-O 12. Na4 Nd7 13. a3 Rfc8 14. Nc5 Nxc5 15. dxc5 Qe7 16. b4 a5 17. b5 Bxf3 18.
gxf3 Qg5+ 19. Kh1 Ne7 20. f4 Qh4 21. Bf3 g6 22. Qd4 Rc7 23. Rc2 Nf5 24. Qe5 Rac8 25. Rfc1 Qe7 26. c6 bxc6 27. b6 Rb7 28. Rxc6 Rxc6 29. Rxc6 Qd8 30. Qc3 Ne7 31. Rc5 Rxb6 32. Qxa5 Rb1+ 33. Kg2 Qxa5 34. Rxa5 Kg7 35. Ra7 Kf6 36.
Be2 Ra1 37. Bb5 Ra2 38. Be8 Rb2 39. a4 Rb8 40. Bd7 Nf5 41. Ra6 h6 42. a5 Rb2 43.
Kf1 Ra2 44. Ra7 g5 45. fxg5+ hxg5 46. a6 Nd6 47. Bc6 Ke5 48. f3 f5 49. Ra8 Nc4 50.
e4 Nd2+ 51. Ke2 Nxe4+ 52. Kd1 Nd6 53. Kc1 Nc4 54. Kb1 Ra5 55. Bb7 Nd6 56. Rg8 Nxb7 57. axb7 Rb5+ 58. Kc2 Rxb7 59. Rxg5 Kf4 60. Rg6 e5 61.
Re6 Rh7 62. Kd3 e4+ 63. fxe4 dxe4+ 64. Kd4 Rxh2 65. Rf6 Rd2+ 66. Kc3 Rd3+ 67. Kc2 Rd5 0-1

[Event "*** MasterClass Titled Tuesday Blitz"]
[Site "Chess.com"]
[Date "2017.12.05"]
[Round "3"]
[White "lukas_111111"]
[Black "LawrenceTrent"]
[Result "0-1"]
[WhiteElo "2458"]
[BlackElo "2391"]
[TimeControl "180+2"]
[EndTime "14:51:22 PST"]
[Termination "LawrenceTrent won by resignation"]

1. e4 c5 2. Nf3 d6 3. d4 cxd4 4. Nxd4 Nf6 5. Nc3 g6 6. Be3 a6 7. f3 b5 8. a4 b4 9. Na2 e5 10. Nb3 Nc6 11. Qd2 d5 12. Bg5 d4 13. Bc4 Be7 14. Bh6 Be6 15. Bxe6 fxe6 16. Nac1 Na5 17. Nxa5 Qxa5 18. Nd3 Nd7 19. O-O Qb6 20. Bg7 Rg8 21. Bxe5 Nxe5 22. Nxe5 Rc8 23. Nd3 a5 24. Rf2 b3 25. cxb3 Qxb3 26. Ne5 Bc5 27. Qd3 Qxd3 28. Nxd3 Bb6 29. Rff1 Kd7 30. Rac1 Kd6 31. Kf2 g5 32. Ke2 e5 33. Kd2 h5 34. b3 Bc5 35. Rc4 Bb4+ 36.
Kc2 Rxc4+ 37. bxc4 Rc8 38. Kb3 Rb8 39. Rb1 g4 40.
fxg4 hxg4 41. Rf1 Ke6 42. Rf5 Bd6+ 43. Kc2 Rh8 44. Rg5 Rxh2 45. Rg6+ Kd7 46. Rxg4 Rh1 47. c5 Bc7 48. Rg7+ Kc6 49. Rg6+ Kb7 50. Kb3 Ra1 51. Kc4 Ra3 52. c6+ Kb6 53. Nc5 Rc3+ 54. Kd5 Rxc5+ 55.
Ke6 Rxc6+ 0-1

[Event "*** MasterClass Titled Tuesday Blitz"]
[Site "Chess.com"]
[Date "2017.12.05"]
[Round "3"]
[White "temiksmozg"]
[Black "pKiLz5Rn9b"]
[Result "0-1"]
[WhiteElo "2489"]
[BlackElo "2640"]
[TimeControl "180+2"]
[EndTime "14:51:26 PST"]
[Termination "pKiLz5Rn9b won on time"]

1. d4 Nf6 2. c4 e6 3. Nf3 b6 4. g3 Bb7 5. Bg2 Bb4+ 6. Bd2 c5 7. O-O O-O 8. Bg5 cxd4 9. Qxd4 Nc6 10. Qh4 Be7 11. Nc3 h6 12. Bd2 Rc8 13. b3 d5 14.
Rad1 Ne4 15. Qh5 Nxd2 16. Nxd2 d4 17. Nf3 Bc5 18. Ne4 f5 19. Nxc5 bxc5 20. e3 Qa5 21. exd4 Nxd4 22. Nxd4 Bxg2 23. Nxe6 Bxf1 24. Nxf8 Rxf8 25.
Kxf1 Qxa2 26. Qf3 Rb8 27. Rd3 Rf8 28. Kg2 a5 29. Rd7 Qb1 30. Qd5+ Kh8 31. Qxc5 Qe4+ 32. f3 Qc2+ 33. Kh3 Rg8 34. Qe3 a4 35. bxa4 Qxc4 36. Qd3 Qxa4 37. Qxf5 Qc4 38. Qd3 Qe6+ 39. Kg2 Qa2+ 40. Kh3 Qe6+ 41. g4 Qf6 42. Rd6 Qf4 43. Rd4 Qf6 44. Rd6 Qf7 45. Kg3 Rf8 46. Qe4 Qa7 47. Rd1 Qb8+ 48. Kh3 Re8 49. Qd4 Qb7 50. Rd3 Qb1 0-1

[Event "*** MasterClass Titled Tuesday Blitz"]
[Site "Chess.com"]
[Date "2017.12.05"]
[Round "3"]
[White "dyziotomi99"]
[Black "ncdogan"]
[Result "0-1"]
[WhiteElo "2442"]
[BlackElo "2405"]
[TimeControl "180+2"]
[EndTime "14:51:27 PST"]
[Termination "ncdogan won by resignation"]

1. d4 Nf6 2. c4 g6 3. Nc3 Bg7 4.
e4 d6 5. Nf3 O-O 6. Be2 e5 7. Be3 exd4 8. Nxd4 Re8 9. f3 c6 10.
Qd2 d5 11. exd5 cxd5 12. c5 Nc6 13. Bf2 a6 14. O-O Nh5 15. a3 Be5 16. Rfe1 Nf4 17.
Bf1 Qg5 18. Kh1 Bd7 19. Nxc6 Bxc6 20. Rad1 Qh5 21. Bg3 g5 22. Ne2 Ng6 23. Bxe5 Nxe5 24. Nd4 g4 25. f4 g3 26. h3 Ng4 27. Rxe8+ Rxe8 28. Re1 Rxe1 29. Qxe1 Nf2+ 30. Kg1 Qh4 31. Qe5 Ne4 32. Nf5 Qf6 33. Qxf6 Nxf6 34. Nxg3 d4 35.
Ne2 d3 36. Nc3 d2 37. Kf2 Ne4+ 38. Ke2 Nxc3+ 39. Kxd2 Ne4+ 40. Ke3 Nxc5 41. Kd4 Ne6+ 42. Ke5 Kg7 43. f5 Nc5 44. b4 Ne4 45. Be2 Nc3 46.
Bf1 f6+ 47. Kd6 Nb5+ 48. Kc5 Nxa3 49. Bxa6 bxa6 50. Kxc6 Nc2 51. Kc5 Kh6 52. g4 Kg5 53.
Kc4 Kh4 54. Kc3 Na3 55. Kb3 Nb5 56. Kc4 Kxh3 57. g5 fxg5 58. f6 Nd6+ 59. Kd5 Nf7 60. Ke6 Nh6 0-1

[Event "*** MasterClass Titled Tuesday Blitz"]
[Site "Chess.com"]
[Date "2017.12.05"]
[Round "3"]
[White "nurmiTV"]
[Black "PenguinPacks"]
[Result "1-0"]
[WhiteElo "2473"]
[BlackElo "2259"]
[TimeControl "180+2"]
[EndTime "14:51:32 PST"]
[Termination "nurmiTV won by checkmate"]

1. c4 e6 2. Nc3 d5 3. e3 Nf6 4. Nf3 Be7 5. b3 O-O 6. Bb2 c5 7. cxd5 Nxd5 8. Be2 Nc6 9. O-O Bf6 10. Qc2 b6 11. Rac1 Bb7 12. Rfd1 Rc8 13. Qb1 e5 14. Ne4 Be7 15. Nxe5 f5 16. Ng3 f4 17. Nxc6 Bxc6 18. Nh5 g6 19. Nxf4 Nxf4 20. exf4 Rxf4 21. Ba6 Rc7 22. d4 cxd4 23. Bc4+ Kg7 24. g3 Re4 25. Bd3 Re6 26. Bc4 Rd6 27. Qd3 Bf6 28. h4 Rdd7 29. h5 Rd6 30. hxg6 hxg6 31. Re1 Bd7 32. Ba3 Bf5 33.
Qd2 Rdd7 34. Bd3 Rxc1 35. Rxc1 Rc7 36. Re1 Bxd3 37. Qxd3 Rc3 38. Qd2 Qd5 39. Bb2 Rc8 40. Qd3 Rd8 41. Re4 Rd7 42. Rg4 g5 43. Re4 Kf8 44.
Re1 Kg7 45. Rc1 Rd8 46. a4 Rd7 47. Rc8 Rd8 48. Rc4 Rd7 49. b4 b5 50. axb5 Qxb5 51.
Bc1 Qd5 52. Bd2 Rd8 53. Rc5 Qe6 54. Bxg5 Qe1+ 55. Kg2 Qe6 56. Bf4 Rd7 57. Rh5 Kf8 58. Qg6 Rg7 59. Rh8+ Ke7 60. Qe8# 1-0

[Event "*** MasterClass Titled Tuesday Blitz"]
[Site "Chess.com"]
[Date "2017.12.05"]
[Round "3"]
[White "d4xaoc"]
[Black "EternallyBad"]
[Result "0-1"]
[WhiteElo "1206"]
[BlackElo "1515"]
[TimeControl "180+2"]
[EndTime "14:51:36 PST"]
[Termination "EternallyBad won by checkmate"]

1. e4 e5 2. c3 Nf6 3. Bc4 Nc6 4.
Qb3 Qe7 5. Nf3 g6 6. Ng5 Nd8 7. O-O Bg7 8. d4 d6 9. Qa4+ Bd7 10.
Qb3 b6 11. dxe5 dxe5 12. f4 exf4 13. Bxf4 O-O 14. e5 Nh5 15. e6 fxe6 16. Be3 Rxf1+ 17. Kxf1 h6 18. Nf3 Nc6 19. Nbd2 Rf8 20. Re1 Ne5 21. Bd4 Nxc4 22. Qxc4 Bxd4 23. Qxd4 c5 24.
Qe4 Rf6 25. Kg1 Qd6 26. Nc4 Qd5 27. Qe2 Nf4 28. Qe5 Rf5 29. Qxd5 Rxd5 30. Nce5 Bc8 31.
g3 Nd3 32. Re3 Nxe5 33. Nxe5 Rd2 34. Nxg6 Kg7 35. Ne5 Rxb2 36. a4 Ra2 37. Rf3 Rxa4 38. Rf7+ Kg8 39. Rc7 Ba6 40. Rxa7 Ra1+ 41. Kg2 Bf1+ 42.
Kf2 Rxa7 43. Kxf1 Ra1+ 44. Kg2 Ra3 45. c4 Re3 46. Nf3 Rc3 47. Ne5 Re3 48. Nf3 Re4 49. Nd2 Re2+ 50. Kf3 Rxd2 51. Ke3 Rxh2 52. Kd3 Rh3 53. Ke4 Rxg3 54. Ke5 Rc3 55. Kxe6 Rxc4 56. Kd6 b5 57. Kd5 h5 58. Kc6 h4 59. Kd5 h3 60.
Kc6 h2 61. Kd5 h1=Q+ 62. Kd6 Qh2+ 63. Kc6 Qh6+ 64. Kxb5 Rg4 65. Kxc5 Rg5+ 66. Kd4 Qh4+ 67. Ke3 Rg3+ 68. Kf2 Qh2+ 69. Kf1 Rg1# 0-1

[Event "*** MasterClass Titled Tuesday Blitz"]
[Site "Chess.com"]
[Date "2017.12.05"]
[Round "3"]
[White "evgenysharapov"]
[Black "TregubovP"]
[Result "1/2-1/2"]
[WhiteElo "2286"]
[BlackElo "2497"]
[TimeControl "180+2"]
[EndTime "14:51:47 PST"]
[Termination "Game drawn by agreement"]

1. e4 c5 2. Nf3 Nc6 3. d4 cxd4 4. Nxd4 e6 5. Nc3 Nf6 6. Ndb5 Bb4 7. a3 Bxc3+ 8.
Nxc3 d5 9. exd5 exd5 10. Bd3 O-O 11. O-O d4 12. Ne2 Bg4 13. f3 Bh5 14. Nf4 Bg6 15.
Nxg6 hxg6 16. b4 Qb6 17. Bb2 Nd5 18. Qd2 Rfe8 19. Rfe1 Ne3 20. Kh1 Rad8 21. Re2 Ne5 22. Rae1 Nxd3 23. Qxd3 Re6 24. c3 Rde8 25. Qxd4 Qxd4 26.
cxd4 Nc4 27. Rxe6 fxe6 28. Bc1 Kf7 29. Kg1 Rd8 30. Rd1 Rd5 31. Kf2 e5 32. Be3 Nxa3 33.
Ra1 exd4 34. Rxa3 dxe3+ 35. Kxe3 a6 36. Rc3 Rb5 37. Rc4 g5 38. Ke4 Ke6 39. g3 g6 40.
h3 Re5+ 41. Kd4 Rd5+ 42. Ke4 Rb5 43. f4 gxf4 44. Kxf4 Kd5 45. Re4 Kd6 46. h4 Rf5+ 47. Ke3 b6 48. Rg4 Rf6 49. Rg5 Ke6 50. g4 Kf7 51. h5 gxh5 52. gxh5 Rc6 53. Kd3 b5 54. Rf5+ Kg7 55. Rg5+ Kh7 56. Rc5 Rd6+ 57. Kc3 Rf6 58. Kb3 Kh6 59. Kb2 Rf4 60. Kb3 Rf3+ 61. Kb2 1/2-1/2

[Event "*** MasterClass Titled Tuesday Blitz"]
[Site "Chess.com"]
[Date "2017.12.05"]
[Round "3"]
[White "Rikikits"]
[Black "Salem-AR"]
[Result "0-1"]
[WhiteElo "2527"]
[BlackElo "2817"]
[TimeControl "180+2"]
[EndTime "14:51:54 PST"]
[Termination "Salem-AR won on time"]

1. e4 c5 2. Nf3 d6 3. Bb5+ Nd7 4. Ba4 Nf6 5. O-O g6 6. Re1 Bg7 7. c3 O-O 8. d4 e5 9. d5 Rb8 10. c4 a6 11. Nc3 Nh5 12. Bg5 Bf6 13. Bh6 Ng7 14. a3 Nb6 15. Bb3 Be7 16. Ba2 f5 17.
Nd2 Bg5 18. Bxg5 Qxg5 19. b4 Nd7 20. bxc5 Nxc5 21. Nb3 b6 22. Rb1 Bd7 23. Nxc5 bxc5 24. Qc1 Qh4 25. Rxb8 Rxb8 26. Bb1 f4 27. Bd3 Qd8 28.
Re2 Rb3 29. Rb2 Rxa3 30. Bf1 Qa5 31. Rb8+ Ne8 32. Nb1 Ra2 33. g3 Qc7 34. Rb3 g5 35.
h4 Ba4 36. Rc3 gxh4 37. gxf4 Qg7+ 38. Bg2 Nf6 39. Ra3 Rxa3 40. Qxa3 exf4 41. Kf1 Bd7 42. Nd2 Ng4 43. Bh3 Ne3+ 44. fxe3 Bxh3+ 45. Ke2 Qg2+ 46. Kd3 fxe3 47. Kxe3 Qg1+ 48. Kf4 Qh2+ 49. Kg5 Qg3+ 50. Qxg3 hxg3 51. Kh4 g2 52. Nf3 a5 53. Kxh3 a4 54. e5 a3 55. exd6 Kf8 56. d7 Ke7 57. d6+ Kxd7 58.
Kxg2 a2 0-1

[Event "*** MasterClass Titled Tuesday Blitz"]
[Site "Chess.com"]
[Date "2017.12.05"]
[Round "3"]
[White "1e41-0"]
[Black "Hasangatin_Ramil"]
[Result "1/2-1/2"]
[WhiteElo "2357"]
[BlackElo "2404"]
[TimeControl "180+2"]
[EndTime "14:52:01 PST"]
[Termination "Game drawn - insufficient material"]

1. d4 d6 2. e4 Nf6 3. Nc3 g6 4. Be3 Bg7 5. Qd2 Ng4 6. Bg5 h6 7. Bh4 g5 8. Bg3 c6 9. f3 Nf6 10. Nge2 b5 11. h4 g4 12. a3 Qa5 13. Nf4 Nbd7 14. d5 Bb7 15. b4 Qc7 16. dxc6 Bxc6 17. Bxb5 Bxb5 18. Nxb5 Qc4 19. Qd3 Qxd3 20. Nxd3 Rc8 21.
O-O-O a6 22. Nd4 Nxe4 23. fxe4 Bxd4 24. Nf2 Be3+ 25. Kb1 h5 26. Rd3 Bxf2 27. Bxf2 Ne5 28. Bd4 Nxd3 29. Bxh8 Nf2 30. Re1 f6 31. Bg7 Rc4 32. Kb2 Nxe4 33. Kb3 d5 34. Bh6 Kd7 35. Rd1 Kc6 36. a4 Rc3+ 37. Kb2 e6 38. Re1 Rc4 39. Kb3 e5 40. Rf1 Rc3+ 41. Kb2 Rg3 42. Bg7 Rxg2 43. Bxf6 Kd6 44. Bg5 Rf2 45. Rh1 g3 46. b5 axb5 47. axb5 g2 48. Rg1 Nxg5 49. hxg5 d4 50. g6 d3 51. g7 Rxc2+ 52. Kb3 Rc8 53. Rxg2 Rg8 54. Kc3 e4 55. Kd4 h4 56. Kxe4 h3 57. Rg6+ Kc7 58. Kxd3 h2 59. Rh6 Rxg7 60. Rxh2 Kb6 61. Rh5 Rg4 62. Rf5 Rh4 63. Ke3 Rg4 64. Kd3 Rh4 65. Kc3 Rg4 66. Re5 Rh4 67. Rd5 Rg4 68. Re5 Rh4 69. Kd3 Rg4 70. Ke3 Rh4 71. Kf3 Rb4 72. Ke3 Rxb5 73. Rxb5+ Kxb5 1/2-1/2

[Event "*** MasterClass Titled Tuesday Blitz"]
[Site "Chess.com"]
[Date "2017.12.05"]
[Round "3"]
[White "EndgameGrinder"]
[Black "Jahonas"]
[Result "1-0"]
[WhiteElo "2430"]
[BlackElo "2219"]
[TimeControl "180+2"]
[EndTime "14:52:07 PST"]
[Termination "EndgameGrinder won by resignation"]

1. e4 c6 2. d4 d5 3. exd5 cxd5 4. c4 Nf6 5. Nc3 Nc6 6. Nf3 Bg4 7. cxd5 Nxd5 8.
Qb3 Bxf3 9. gxf3 e6 10. Qxb7 Nxd4 11. Bb5+ Nxb5 12. Qc6+ Ke7 13. Qxb5 Qd7 14. Nxd5+ Qxd5 15. Qxd5 exd5 16. O-O Kf6 17. Rd1 Rd8 18. Be3 Rd7 19.
Rac1 Bd6 20. Rc6 Ke6 21. h3 Rb8 22. b3 Rb5 23. Ra6 Rbb7 24. Kf1 f6 25. Ke2 Rdc7 26.
Rd2 g5 27. f4 gxf4 28. Bxf4 Rb6 29. Ra4 Bxf4 30. Rxf4 Ke5 31. Rfd4 Rd6 32. f4+ Ke6 33. Kd3 Rc1 34. Ra4 a6 35. Kd4 Rh1 36. Rd3 Kf5 37. Kc5 Rd8 38. Rxd5+ Rxd5+ 39. Kxd5 Rxh3 40. Rxa6 Rd3+ 41.
Kc4 Rd8 42. b4 h5 43. b5 h4 44. b6 Kxf4 45. b7 Rb8 46. Rxf6+ Kg5 47. Rf7 h3 48. Rh7 h2 49. Rxh2 Rxb7 50. a4 Kf5 51. Re2 Rb1 52. a5 Kf6 53. Kc5 Kf7 54. a6 Kf8 55. a7 Rc1+ 56.
Kb6 Rb1+ 57. Kc7 Rc1+ 58. Kb8 Rb1+ 59. Ka8 Kf7 60. Re3 Kf8 61. Re2 Kf7 62. Re4 Kf8 63. Rh4 Ke7 64. Rh8 Kd7 65. Rb8 Ra1 66. Kb7 Rb1+ 67.
Ka6 Ra1+ 68. Kb6 Rb1+ 69. Kc5 1-0

[Event "*** MasterClass Titled Tuesday Blitz"]
[Site "Chess.com"]
[Date "2017.12.05"]
[Round "3"]
[White "hectorfiori"]
[Black "MasterBlitz83"]
[Result "1-0"]
[WhiteElo "2192"]
[BlackElo "1485"]
[TimeControl "180+2"]
[EndTime "14:52:24 PST"]
[Termination "hectorfiori won by resignation"]

1. e4 c5 2. Nf3 d6 3. d4 cxd4 4. Nxd4 Nf6 5. Nc3 a6 6. f4 e5 7. Nf3 Nc6 8. Bd3 Be7 9. O-O O-O 10. Kh1 Bg4 11. Qe1 Nb4 12. a3 Nxd3 13. cxd3 Qc7 14. fxe5 dxe5 15. Bg5 Rfd8 16. Bxf6 Bxf6 17. Nd5 Qd6 18.
Qg3 Bxf3 19. Rxf3 Be7 20. Raf1 Rf8 21. h4 Rae8 22. h5 Qh6 23. Qg4 Qg5 24. Nxe7+ Qxe7 25. Rf6 Kh8 26. h6 g6 27. Qg5 Rd8 28. R1f3 Rd6 29.
Rxg6 Qxg5 30. Rxg5 Rxh6+ 31. Kg1 f6 32. Rxe5 fxe5 33.
Rxf8+ Kg7 34. Rb8 Rb6 35. Rd8 Rxb2 36. Kh2 b5 37. Rd6 Rb3 38. Rxa6 Rxd3 39. Rb6 Rxa3 40.
Rxb5 Kf6 41. Rb6+ Kg5 42. g3 Re3 43. Rb7 h5 44. Rb4 Kg4 45. Rb8 Rxe4 46. Rg8+ Kf5 47. Kh3 Re1 48. Rf8+ Ke4 49. Kh4 Rh1+ 50. Kg5 Kd3 51.
Rd8+ Ke2 52. Kf5 Rg1 53. Rg8 h4 54. g4 h3 55. Rh8 Rf1+ 56. Kxe5 Kf3 57. g5 Rg1 58.
Kf6 Kg2 59. g6 Kf1 60. Rxh3 Kg2 61. Rh5 Kg3 62. g7 Kf4 63. Rf5+ Ke4 64. Rg5 Rf1+ 65. Ke7 1-0

[Event "*** MasterClass Titled Tuesday Blitz"]
[Site "Chess.com"]
[Date "2017.12.05"]
[Round "3"]
[White "TheBigBoss04"]
[Black "MITerryble"]
[Result "0-1"]
[WhiteElo "2515"]
[BlackElo "2657"]
[TimeControl "180+2"]
[EndTime "14:52:26 PST"]
[Termination "MITerryble won by resignation"]

1. d4 e6 2. c4 Bb4+ 3. Nd2 Nf6 4. a3 Be7 5. e4 d6 6. Bd3 Nbd7 7. h3 e5 8. d5 a5 9. g4 Nc5 10. Bc2 a4 11. Ne2 O-O 12. Ng3 g6 13. Nf3 Ne8 14. Bh6 Ng7 15. Qd2 Rb8 16. Be3 Bd7 17. g5 f6 18.
gxf6 Rxf6 19. Qe2 Qf8 20. Nh2 b5 21. Ng4 Bxg4 22. hxg4 bxc4 23. Qxc4 Rxb2 24. Bxc5 dxc5 25. d6+ Qf7 26. Qxf7+ Rxf7 27. dxc7 Rf8 28. Bxa4 Rb7 29. Rd1 Rxc7 30. Rd5 c4 31. Rxe5 Bxa3 32. O-O Bd6 33. Rd5 Bxg3 34. fxg3 Rxf1+ 35. Kxf1 Ne6 36. Ke2 Kf7 37. Ke3 Kf6 38. Ra5 Rc5 39. Ra6 Ke5 40. Ra7 Rc7 41. Ra8 Rc5 42. Ra7 Rc7 43. Ra8 Nc5 44.
Bc2 Kd6 45. Kd4 Ne6+ 46. Kc3 Ke5 47. Ra5+ Kf6 48. e5+ Kg5 49. Bd1 Nc5 50. Bf3 Nd3 51.
Kd4 c3 52. e6+ Kf6 53. g5+ Ke7 54. Kxd3 c2 55. Ra1 c1=Q 56. Rxc1 Rxc1 57. Ke4 Rc5 58.
Kf4 Rf5+ 59. Kg4 Kxe6 60. Be4 Ra5 61. Bc2 Ke5 62. Kh4 Rb5 63. Bd1 Rb4+ 64. Bg4 Ke4 65. Kh3 Rb5 66. Kh4 Ke3 67. Be6 Rb4+ 68. Kh3 Kf3 69. Bd5+ Kf2 70. Bg8 Rb8 71. Bc4 Rc8 72.
Be6 Rc3 73. Kh4 Rxg3 74. Bg8 Rg1 75. Bd5 Ke3 0-1

[Event "*** MasterClass Titled Tuesday Blitz"]
[Site "Chess.com"]
[Date "2017.12.05"]
[Round "3"]
[White "Abdodi"]
[Black "HolyInquisitor0001"]
[Result "0-1"]
[WhiteElo "2093"]
[BlackElo "1656"]
[TimeControl "180+2"]
[EndTime "14:52:26 PST"]
[Termination "HolyInquisitor0001 won on time"]

1. e3 g6 2. d4 Bg7 3. Nf3 d6 4.
Be2 Nf6 5. c4 O-O 6. O-O Nc6 7.
Nc3 e5 8. Re1 Bg4 9. h3 exd4 10.
exd4 Bd7 11. Bf1 a6 12. Bg5 h6 13. Bh4 Re8 14. Nd5 g5 15. Nxf6+ Qxf6 16. Bg3 Nxd4 17. Nxd4 Qxd4 18. Qc2 Be6 19. b3 Rad8 20. Rac1 f5 21. Kh1 f4 22. Bh2 Bf7 23. Bg1 Qf6 24. f3 Bg6 25.
Qf2 b6 26. Rcd1 Rxe1 27. Rxe1 Re8 28. Rxe8+ Bxe8 29. Qe2 Qe5 30. Qxe5 Bxe5 31. Bd3 Bc6 32. Bf2 Kg7 33. h4 Kf6 34. hxg5+ hxg5 35. Kg1 Bd7 36. Kf1 g4 37. fxg4 Bxg4 38. Be4 Bd1 39. b4 Bc3 40. c5 Bxb4 41. cxb6 cxb6 42. Bxb6 Ke5 43. Ba8 Bc2 44.
Ke2 Bb1 45. a4 Bc2 46. a5 Ba4 47. Bb7 Bb5+ 48. Kf3 d5 49. g3 fxg3 50. Kxg3 d4 51. Kf2 Kf4 52. Bc7+ Kg4 53. Bc8+ Kg5 54. Bd8+ Kg6 55.
Bg4 Kf7 56. Bd1 Ke8 57. Bb6 Kd7 58. Bxd4 Kd6 59. Bb6 Kc6 0-1

[Event "*** MasterClass Titled Tuesday Blitz"]
[Site "Chess.com"]
[Date "2017.12.05"]
[Round "3"]
[White "Swarnapuri"]
[Black "saikrishnaReturns"]
[Result "0-1"]
[WhiteElo "2391"]
[BlackElo "2425"]
[TimeControl "180+2"]
[EndTime "14:52:28 PST"]
[Termination "saikrishnaReturns won by resignation"]

1. d4 Nf6 2. Bf4 d6 3. e3 g6 4. Nf3 Bg7 5. Be2 O-O 6. O-O Nfd7 7. h3 e5 8. Bh2 Nc6 9. c4 f5 10. Nc3 Kh8 11. Rc1 f4 12. dxe5 dxe5 13. exf4 exf4 14. Nd5 g5 15. Qc2 Nde5 16. Nxe5 Bxe5 17. Rfd1 Nd4 18.
Qe4 Bg7 19. Bh5 Bf5 20. Qe7 c6 21. Qxd8 Raxd8 22. Nc3 Nc2 23. h4 h6 24. hxg5 hxg5 25. g3 g4 26. gxf4 Nd4 27. Kg2 Rd6 28. Bg3 Rh6 29. Rh1 Ne2 30. Rce1 Nxc3 31. bxc3 Bxc3 32. Re7 Bb4 33. Re2 Kg7 34. f3 gxf3+ 35. Bxf3 Rxh1 36. Kxh1 Rd8 37. Kg2 Rd2 38. Rxd2 Bxd2 39. Bd1 Be6 40. Bb3 Kf6 41. Kf3 a5 42. Bh4+ Kf7 43. Bf2 Bf5 44. Bd4 Ke6 45. c5+ Ke7 46. Bc4 Bb4 47. Kg3 Bb1 48. Kg4 Bc2 49. Kg5 Bd2 50. Be5 Be3 51. Bd6+ Ke8 52. Kf6 Bd4+ 53. Ke6 Bd1 54. Bd3 Bh5 55. Kf5 Bf7 56. a3 a4 57. Kg5 Be3 58.
Kg4 Bc1 59. f5 Bxa3 60. Bc2 Bb3 61. Bb1 Bb2 62. f6 a3 63. Kg5 a2 64. Bxa2 Bxa2 65. Be7 Bf7 66. Kf5 Kd7 67. Kg5 Ke6 0-1